 Dungeon Crawl Stone Soup version 0.29.1-15-g9cfb28693d (webtiles) character file.

Game seed: 16103572588414000720

310 Heoruswealwe the Magician (level 6, -2/32 HPs)
             Began as a Deep Elf Earth Elementalist on Apr 6, 2023.
             Was a Believer of Makhleb.
             Slain by Pikel
             ... wielding a +1 whip of flaming
              (7 damage)
             ... on level 7 of the Dungeon.
             The game lasted 00:09:25 (1148 turns).

Heoruswealwe the Magician (DEEE)                    Turns: 1148, Time: 00:09:26

Health: -2/32      AC:  3    Str:  5    XL:     6   Next: 18%
Magic:  10/17      EV: 12    Int: 22    God:    Makhleb [**....]
Gold:   97         SH:  0    Dex: 15    Spells: 15/18 levels left

rFire   . . .      SeeInvis .   i - +0 war axe
rCold   . . .      Faith    .   (no shield)
rNeg    . . .      Spirit   .   a - +0 robe
rPois   .          Reflect  .   c - +0 helmet
rElec   .          Harm     .   (no cloak)
rCorr   .          Rampage  .   (no gloves)
Will    .....                   (no boots)
Stlth   ++........              (no amulet)
HPRegen 0.10/turn               (no ring)
MPRegen 0.15/turn               (no ring)

@: no status effects
A: no striking features
a: Renounce Religion, Minor Destruction


You were on level 7 of the Dungeon.
You worshipped Makhleb.
Makhleb was pleased with you.
You visited 1 branch of the dungeon, and saw 7 of its levels.

You collected 97 gold pieces.

Inventory:

Hand Weapons
 i - a +0 war axe (weapon)
Armour
 a - a +0 robe (worn)
 c - a +0 helmet (worn)
Wands
 n - a wand of flame (14)
Scrolls
 f - a scroll of teleportation {unknown}
 k - a scroll of poison {unknown}
 l - a scroll of silence {unknown}
 p - a scroll of enchant armour {unknown}
Potions
 b - a potion of magic
 d - a potion of flight
 e - a potion of curing
 g - a potion of haste {unknown}
 h - a potion of heal wounds {unknown}
 j - a potion of resistance {unknown}
 m - a potion of cancellation {unknown}
 o - 2 potions of degeneration {unknown}


   Skills:
 - Level 2.4 Dodging
 - Level 2.4 Stealth
 + Level 6.5 Spellcasting
 - Level 1.1 Transmutations
 + Level 5.9 Earth Magic


You had 15 spell levels left.
You knew the following spells:

 Your Spells              Type           Power      Damage    Failure   Level
a - Sandblast             Erth           66%        2d15      1%          1
z - Passwall              Tmut/Erth      18%        N/A       3%          2

Your spell library contained the following spells:

 Spells                   Type           Power      Damage    Failure   Level
 Stone Arrow              Conj/Erth      40%        3d9       8%          3
 Shock                    Conj/Air       28%        1d4       9%          1
 Petrify                  Tmut/Erth      22%        N/A       21%         4
 Swiftness                Air            7%         N/A       26%         3
 Airstrike                Air            3%         2d(1-17)  65%         4


Dungeon Overview and Level Annotations

Branches:
Dungeon (6/15)             Temple (0/1) D:7

Altars:
Makhleb
The Shining One

Annotations:
D:7 Pikel


Message History

The blast of sand hits the lemure!
You kill the lemure!
That felt strangely unrewarding.
Pikel, Merchant of Souls comes into view.
He is wielding a +1 whip of flaming.
The lemure closely misses you.
A howler monkey comes into view.
The lemure misses you.
You open the door. The lemure hits you!
There is an open door here.
The howler monkey hoots and howls with incredible vigour!
You hear a shout!
The howler monkey attacks as you move away!
The howler monkey closely misses you.
The howler monkey attacks as you move away!
The howler monkey closely misses you.
The blast of sand hits the howler monkey!
The howler monkey is severely wounded.
The howler monkey hits you but does no damage.
The howler monkey completely misses you.
The blast of sand hits the howler monkey!
You kill the howler monkey!
Makhleb accepts your kill.
You feel better. The lemure closely misses you. The lemure hits you!
Found 4 stones.
The blast of sand hits Pikel.
Pikel is lightly wounded.
Pikel hits you with a +1 whip of flaming!
* * * LOW HITPOINT WARNING * * *
Pikel burns you.
* * * LOW HITPOINT WARNING * * *
Casting: Sandblast (safe; 1% risk of failure)
Confirm with . or Enter, or press ? or * to list all spells.
Aiming: Sandblast (safe; 1% risk of failure)
Press: ? - help, Shift-Dir - straight line, f/p - Pikel
Aim: Pikel, wielding a +1 whip of flaming and wearing a +0 robe (lightly wounded, 80% to hit)
The blast of sand hits Pikel.
Pikel is moderately wounded.
Pikel closely misses you.
Pikel hits you with a +1 whip of flaming!
You die...

#....####....
...#............
...#............
...#............ .
.(.+............ .. ######
...#............ .h. #....#
...#............ ....
#....##...#....##'##'## .....
+...5K@...#....#.......
......#'#####...#....#.......
...K........#...#....#.......
............#...#.†..#.....##
.###+#......#####....#######.
#...............# #.
#...............# ##
#...............#
#######.....#####


You could see Pikel and a lemure.

Vanquished Creatures
  2 lemures (D:7)
  A necrophage (D:7)
  A scorpion (D:4)
  A howler monkey (D:7)
  A crimson imp (D:7)
  A hound (D:5)
  An iguana (D:5)
  2 adders
  A shadow imp (D:7)
  2 dart slugs (D:1)
  6 endoplasms
  3 giant cockroaches
  3 goblins
  A hobgoblin (D:1)
  A quokka (D:1)
  A bat (D:1)
  3 frilled lizards (D:1)
  A goblin skeleton (D:7)
  8 hobgoblin zombies (D:7)
  3 kobolds
  A kobold zombie (D:7)
  3 orc skeletons (D:7)
  4 rats (D:1)
51 creatures vanquished.

Vanquished Creatures (others)
  13 plants (D:1)
13 creatures vanquished.

Grand Total: 64 creatures vanquished

Notes
Turn   | Place    | Note
-------+----------+-------------------------------------------
     0 | D:1      | Heoruswealwe the Deep Elf Earth Elementalist began the
                  | quest for the Orb.
     0 | D:1      | Reached XP level 1. HP: 10/10 MP: 6/6
   108 | D:1      | Reached XP level 2. HP: 15/15 MP: 6/8
   111 | D:1      | Learned a level 2 spell: Passwall
   388 | D:1      | Found a faded altar of an unknown god.
   430 | D:1      | Prayed at the altar of an unknown god.
   430 | D:1      | Became a worshipper of Makhleb the Destroyer
   430 | D:1      | Reached * piety under Makhleb
   687 | D:2      | Reached skill level 4 in Spellcasting
   687 | D:2      | Reached XP level 3. HP: 15/19 MP: 6/10
   744 | D:3      | Found a burning altar of Makhleb.
   811 | D:4      | Noticed a scorpion
   816 | D:4      | Killed a scorpion
   817 | D:4      | Reached skill level 5 in Spellcasting
   817 | D:4      | Reached XP level 4. HP: 16/24 MP: 7/13
   882 | D:4      | You fall into a shaft and drop 1 floor!
   882 | D:5      | Entered Level 5 of the Dungeon
   891 | D:5      | Reached skill level 5 in Earth Magic
   924 | D:5      | Reached XP level 5. HP: 28/28 MP: 11/15
   964 | D:6      | You fall into a shaft and drop 1 floor!
   999 | D:7      | Found a glowing golden altar of the Shining One.
  1008 | D:7      | Reached ** piety under Makhleb
  1057 | D:7      | Found a staircase to the Ecumenical Temple.
  1061 | D:7      | Reached skill level 6 in Spellcasting
  1121 | D:7      | Reached XP level 6. HP: 27/32 MP: 13/17
  1137 | D:7      | Noticed Pikel
  1148 | D:7      | Slain by Pikel

Illustrated notes

Levels and vault maps discovered:
D:1:      amcnicky_arrival_underground_garden, layout_basic,
          dilly_ecumenical_altar_fadedgnrine
D:2:      layout_loops_ring, minivault_19
D:3:      layout_basic, lemuel_crystal_altar,
          grunt_temple_overflow_growth_and_decay, serial_shops,
          nicolae_shop_trees, gammafunk_ghost_gnarly_gnolls, uniq_sigmund
D:4:      layout_loops_ring, ebering_ghost_rock_garden
D:5:      black_bear_nest_2, layout_loops_corners
D:6:      layout_cave_pods, serial_shops, nicolae_shop_bloodbath_and_beyond
D:7:      layout_gridville, nicolae_tso_besieged_by_evil,
          mainiacjoe_overflow_surrounded_room, minmay_temple_entry_fiery,
          nicolae_ossuary_entry_false_entrances, minmay_misc_feat_tiny,
          uniq_pikel

Skill      XL: |  1  2  3  4  5 |
---------------+----------------+-----
Spellcasting   | 4 5 6 |  6.5
Earth Magic    | 4 5 |  5.9
Dodging        | |  2.4
Stealth        | |  2.4
Transmutations | |  1.1

Action                   |  1- 3 |  4- 6 || total
-------------------------+-------+-------++-------
Melee: War axe           |    22 |     1 ||    23
 Cast: Sandblast         |    38 |    40 ||    78
  Use: Scroll            |     3 |       ||     3
Armor: Robe              |     2 |     5 ||     7
Dodge: Dodged            |     6 |    12 ||    18
